 Dungeon Crawl Stone Soup version 0.20.1-1-g8b1a95d (webtiles) character file.

234934 equalderp2856 the Severer (level 18, -16/172 HPs)
             Began as a Minotaur Fighter on Sept 23, 2017.
             Demolished by Asterion
             ... wielding a +0 demon trident of venom
              (26 damage)
             ... on level 2 of the Vaults.
             The game lasted 02:28:41 (52445 turns).

equalderp2856 the Severer (Minotaur Fighter)       Turns: 52445, Time: 02:28:42

Health: -16/172    AC: 30    Str: 24    XL:     18   Next: 89%
Magic:  19/19      EV: 12    Int:  9    God:
Gold:   3430       SH:  0    Dex: 13    Spells: 17/17 levels left

rFire    + . .     SeeInvis .   M - +0 broad axe (elec)
rCold    . . .     Gourm    .   (no shield)
rNeg     . . .     Faith    .   T - +4 plate armour {rC+}
rPois    .         Spirit   .   O - +2 hat
rElec    .         Reflect  .   (no cloak)
rCorr    .         Harm     .   Q - +2 pair of gloves {archery}
MR       +....                  b - +1 pair of boots {Fly}
Stlth    ..........             c - amulet of regeneration
Regen    0.8/turn               s - ring of fire
MPRegen  0.2/turn               B - +2 ring of strength

@: lethally poisoned (-16 -> -17), about to teleport, marked, flying
A: retaliatory headbutt, horns 2
}: 1/15 runes: decaying
a: Stop Flying


You were on level 2 of the Vaults.
You were very hungry.

You visited 6 branches of the dungeon, and saw 32 of its levels.
You also visited: Bailey.

You collected 3707 gold pieces.
You spent 277 gold pieces at shops.

Inventory:

Hand Weapons
 x - a +0 war axe of chopping
 y - a +2 demon trident of electrocution
 M - a +0 broad axe of electrocution (weapon)
 P - a +2 halberd of electrocution
Missiles
 o - 70 tomahawks of returning (quivered)
Armour
 b - a +1 pair of boots of flying (worn)
 h - a +1 chain mail of poison resistance
 D - a +1 plate armour of cold resistance
 E - the +1 ring mail of Suxitosu {rCorr}
   (You found it on level 2 of the Swamp)

   It protects you from acid and corrosion.
 H - a +2 shield of reflection
 O - a +2 hat (worn)
 Q - a +2 pair of gloves of archery (worn)
 S - +0 swamp dragon scales
 T - a +4 plate armour of cold resistance (worn)
 U - a +0 plate armour of fire resistance
Jewellery
 c - an amulet of regeneration (around neck)
 l - the amulet of Docupeqe {RegenMP rF+ Dex+4}
   (You found it on level 6 of the Lair of Beasts)

   [amulet of magic regeneration]

   It increases your magic regeneration.
   It affects your dexterity (+4).
   It protects you from fire.
 q - an uncursed ring of positive energy
 s - a ring of fire (left hand)
 B - a +2 ring of strength (right hand)
 N - an uncursed amulet of harm
 Z - an uncursed amulet of rage
Wands
 j - a wand of flame (18/48)
 m - a wand of lightning (6/15)
 A - a wand of digging (11/24)
 C - a wand of paralysis (0/24)
 L - a wand of clouds (3/9)
 W - a wand of iceblast (3/15)
Scrolls
 g - 7 scrolls of remove curse
 p - 4 scrolls of fog
 r - a scroll of fear
 w - a scroll of acquirement
 F - a scroll of silence
 J - 3 scrolls of enchant weapon
 K - a scroll of immolation
Potions
 a - a potion of berserk rage
 d - 6 potions of might
 e - 4 potions of agility
 i - 4 potions of curing
 k - 4 potions of heal wounds
 t - 4 potions of haste
 u - 4 potions of magic {unknown}
 v - 2 potions of ambrosia
 z - 6 potions of mutation
 X - 2 potions of cancellation
Books
 R - a book of Beasts

   Spells                             Type                      Level
   a - Summon Butterflies             Summoning                    1
   b - Call Canine Familiar           Summoning                    3
   c - Summon Ice Beast               Ice/Summoning                4
   d - Summon Mana Viper              Hexes/Summoning              5
   e - Summon Hydra                   Summoning                    7
 Y - a book of the Sky

   Spells                             Type                      Level
   a - Summon Lightning Spire         Summoning/Air                4
   b - Silence                        Hexes/Air                    5
   c - Deflect Missiles               Charms/Air                   6
   d - Conjure Ball Lightning         Conjuration/Air              6
   e - Tornado                        Air                          9
Comestibles
 f - 14 bread rations
 I - 8 meat rations
 V - 28 royal jellies


   Skills:
 + Level 18.0 Fighting
 + Level 20.6(21.1) Axes
 + Level 8.1(15.7) Polearms
 + Level 17.1 Armour
 + Level 9.4 Dodging
 + Level 4.1 Stealth
 + Level 19.2 Shields
 + Level 2.6 Evocations


You had 17 spell levels left.
You didn't know any spells.

Dungeon Overview and Level Annotations

Branches:
Dungeon (14/15)            Temple (0/1) D:6            Lair (6/6) D:8
  Swamp (4/4) Lair:4        Snake (4/4) Lair:4        Slime (0/5) Lair:6
    Orc (2/2) D:11            Elf (0/3) Orc:2        Vaults (2/5) D:14
  Crypt: Vaults:2-3

Altars:
Cheibriados
Dithmenos
Elyvilon
Fedhas
Hepliaklqana
Kikubaaqudgha
Makhleb
Nemelex Xobeh
Sif Muna
Trog
Uskayaw
Vehumet
Yredelemnul
Beogh

Shops:
D:5 ?   D:8 [   D:9 }   Orc:1 :   Orc:2 :!![   Snake:1 [   Snake:4 (
Vaults:2 ?

Annotations:
D:5 2 transporters
D:7 2 transporters, Menkaure
Swamp:3 Mara
Snake:2 Bai Suzhen; manon's ghost, adept DsBe
Snake:4 Aizul
Vaults:2 Asterion


Innate Abilities, Weirdness & Mutations

You reflexively headbutt those who attack you in melee.
You have a pair of horns on your head.


Message History

* * * LOW HITPOINT WARNING * * *
The ettin barely misses you. Asterion barely misses you.
You feel better.
The golden eye changes into a blink frog!
The ironheart preserver mumbles some strange words.
The ironheart preserver is healed somewhat.
Asterion hits you but does no damage.
You are poisoned.
The ettin barely misses you. x2
You hit the ettin. Lightning courses through the ettin! You headbutt the ettin.
The ettin is lightly wounded.
You slash the ironbrand convoker!
You barely miss the ironheart preserver.
You feel sick.
The ironheart preserver hits you but does no damage.
The blizzard demon waves its arms in wide circles.
The air twists around and violently strikes you in flight!
* * * LOW HITPOINT WARNING * * *
Asterion hits you from afar with a demon trident of venom!!
You die...

...................#...e)['.
...........F.......#..E...#.
.....e..........[..#......#.
.................[.########.
....................).......
.......p....................
.......)(...2...............
........(HpCp...............
..........(@................
############################


You could see Asterion, an ironheart preserver, an ettin, a blizzard demon, a
vault sentinel, a deep elf archer, an ironbrand convoker and a blink frog shaped
shifter.

Vanquished Creatures
  Saint Roka (Snake:3)
  A storm dragon (Vaults:1)
  A thorn hunter (Swamp:3)
  3 nagarajas (Snake:3)
  An orc warlord (D:11)
  3 vault wardens (Vaults:1)
  Louise (D:14)
  A ghoul (Vaults:1)
  An ironheart preserver (Vaults:2)
  2 very ugly things
  A stone giant (Vaults:2)
  A dire elephant (Lair:6)
  Snorg (D:14)
  An ettin (Orc:1)
  The ghost of Ijustatesigmund the Blocker, a journeyman OpAs of Okawaru (D:11)
  A vault guard (D:14)
  5 yaktaur captains
  2 ice dragons (Vaults:1)
  2 rakshasas (Vaults:1)
  25 hydras
  3 ghost crabs (Swamp:3)
  A death knight (D:12)
  12 naga warriors
  2 catoblepae (Lair:6)
  22 anacondas
  6 centaur warriors
  7 alligators
  4 two-headed ogres
  2 ogre magi
  3 death yaks (Lair:6)
  A vampire mage (Vaults:1)
  7 naga sharpshooters
  A shock serpent (Snake:3)
  Nergalle (Orc:2)
  The ghost of ThereIsNoGod the Grappler, a novice TrFi of Makhleb (Bailey)
  Sonja (D:12)
  4 salamander mystics
  3 deep elf knights
  4 skeletal warriors (Vaults:2)
  3 spriggan druids
  3 deep elf archers (Vaults:1)
  3 deep trolls (Vaults:2)
  4 shambling mangroves
  2 wizards
  A flayed ghost (Vaults:1)
  12 swamp dragons
  3 unseen horrors
  6 naga ritualists
  6 ironbrand convokers
  4 lindwurms
  6 necromancers
  5 orc knights
  7 deep elf magi
  17 mana vipers
  14 ugly things
  9 harpies (Vaults:1)
  11 orc sorcerers
  3 wolf spiders
  8 cyclopes
  5 manticores
  4 elephants
  15 salamanders
  6 vault sentinels
  Psyche (D:9)
  47 black mambas
  10 naga magi
  21 spiny frogs
  2 gargoyles
  A komodo dragon (shapeshifter) (Vaults:1)
  4 komodo dragons
  3 rime drakes (Lair:6)
  17 yaktaurs
  2 freezing wraiths (Vaults:1)
  A queen bee (Lair:3)
  6 tyrant leeches
  A meliai (shapeshifter) (Vaults:1)
  3 polar bears (Lair:4)
  8 trolls
  Grinder (D:4)
  6 hippogriffs
  A dream sheep (shapeshifter) (D:13)
  8 bog bodies
  15 hornets
  Prince Ribbit (D:8)
  17 blink frogs
  A meliai zombie (D:10)
  9 slime creatures
  2 dream sheep (Lair:6)
  2 shadows
  9 redbacks
  6 spriggans
  3 wraiths
  5 wyverns
  19 humans (D:14)
  A wyvern (shapeshifter) (Vaults:1)
  22 yaks
  3 basilisks
  Grum (D:9)
  3 hungry ghosts
  A steam dragon (D:13)
  24 swamp worms
  5 wargs
  19 vampire mosquitoes
  8 insubstantial wisps
  A soldier ant (shapeshifter) (D:13)
  40 nagas
  19 water moccasins
  10 swamp drakes
  30 orc warriors
  9 porcupines
  2 phantoms
  2 sky beasts (D:11)
  5 black bears
  4 ice beasts
  16 ogres
  6 boggarts
  13 wolves
  A necrophage (D:6)
  6 centaurs (D:14)
  9 crocodiles
  2 big kobolds
  20 bullfrogs
  A wyvern zombie (D:14)
  A wyvern skeleton (D:13)
  A water moccasin zombie (D:4)
  4 scorpions
  38 killer bees
  8 wights
  4 electric eels
  2 howler monkeys
  A centaur zombie (D:6)
  8 crimson imps
  2 bullfrog zombies
  A quasit (D:9)
  3 bullfrog skeletons
  15 hounds
  3 jellies
  15 orc priests
  6 iguanas
  42 orc wizards
  15 worker ants
  A hound zombie (D:11)
  A howler monkey zombie (D:6)
  A howler monkey skeleton (D:6)
  20 gnolls
  17 adders
  5 shadow imps
  An ooze (D:2)
  2 adder zombies
  An adder skeleton (D:4)
  6 worms
  4 dart slugs
  7 leopard geckos
  95 orcs
  10 bats
  6 giant cockroaches
  12 hobgoblins
  9 jackals
  6 quokkas
  3 ball pythons
  A ball python skeleton (D:5)
  9 frilled lizards
  9 goblins
  24 kobolds
  A leopard gecko skeleton (D:7)
  A quokka skeleton (D:7)
  15 rats
  5 fungi
  2 plants
1255 creatures vanquished.

Vanquished Creatures (others)
  An ogre mage (Vaults:1)
  An alligator (Swamp:3)
  A naga sharpshooter (Snake:4)
  An unseen horror (Vaults:1)
  A black mamba (Snake:4)
  A hornet (Swamp:1)
  A naga (Snake:2)
  A swamp worm (Swamp:3)
  A centaur (D:8)
  A bullfrog (D:13)
  2 orc wizards (Orc:2)
  2 orcs
  A kobold (Bailey)
  9 fungi
  5 plants
29 creatures vanquished.

Grand Total: 1284 creatures vanquished

Notes
Turn   | Place    | Note
-------+----------+-------------------------------------------
     0 | D:1      | equalderp2856 the Minotaur Fighter began the quest for the Orb.
     0 | D:1      | Reached XP level 1. HP: 19/19 MP: 0/0
   112 | D:1      | Reached XP level 2. HP: 26/26 MP: 1/1
   303 | D:1      | Reached XP level 3. HP: 33/33 MP: 2/2
   805 | D:2      | Reached skill level 3 in Axes
   817 | D:2      | Found a blossoming altar of Fedhas.
   919 | D:2      | Reached XP level 4. HP: 40/40 MP: 3/3
  1552 | D:3      | Found a radiant altar of Vehumet.
  1966 | D:3      | Reached skill level 5 in Armour
  1966 | D:3      | Reached XP level 5. HP: 37/47 MP: 4/4
  2132 | D:3      | Reached skill level 1 in Dodging
  2208 | D:3      | Found a hazy altar of Hepliaklqana.
  2436 | D:4      | Reached skill level 4 in Axes
  2510 | D:4      | Reached XP level 6. HP: 39/53 MP: 5/5
  2575 | D:4      | Noticed Grinder
  2585 | D:4      | Killed Grinder
  2585 | D:4      | Reached skill level 5 in Axes
  2585 | D:4      | Reached skill level 5 in Shields
  2808 | D:4      | Noticed a moth of wrath
  2864 | D:4      | Found a bloodstained altar of Trog.
  2967 | D:4      | Reached XP level 7. HP: 60/60 MP: 6/6
  3331 | D:4      | Reached skill level 6 in Axes
  3478 | D:4      | Reached skill level 5 in Fighting
  3835 | D:5      | Entered Level 5 of the Dungeon
  3942 | D:5      | Found a white marble altar of Elyvilon.
  4032 | D:5      | Found Fow Deuk's Magic Scroll Shoppe.
  4052 | D:5      | Reached skill level 1 in Stealth
  4241 | D:5      | Bought a scroll of teleportation for 36 gold pieces
  4256 | D:5      | Found a transporter.
  4266 | D:5      | Noticed a kobold demonologist
  4276 | D:5      | Found a transporter.
  4378 | D:5      | Found a snail-covered altar of Cheibriados.
  4439 | D:6      | Reached skill level 7 in Axes
  4439 | D:6      | Reached XP level 8. HP: 63/68 MP: 7/7
  4446 | D:6      | Found a shadowy altar of Dithmenos.
  4501 | D:6      | Found a staircase to the Ecumenical Temple.
  5156 | D:5      | Reached skill level 8 in Axes
  5756 | D:5      | HP: 1/69 [orc warrior/battleaxe (14)]
  6233 | D:7      | Found an ancient bone altar of Kikubaaqudgha.
  6234 | D:7      | Found a transporter.
  6244 | D:7      | Found a transporter.
  6258 | D:7      | Found a basalt altar of Yredelemnul.
  6262 | D:7      | Noticed Menkaure
  6279 | D:7      | Noticed a dagger
  6281 | D:7      | Noticed a dagger
  6288 | D:7      | Found a hide-covered altar of Uskayaw.
  6295 | D:7      | Noticed a troll
  6314 | D:7      | Found a deep blue altar of Sif Muna.
  6315 | D:7      | HP: 3/69 [troll (6)]
  6325 | D:7      | Found a burning altar of Makhleb.
  6383 | D:8      | Found Avaocleq's Armour Boutique.
  6522 | D:8      | Bought a +2 shield of reflection for 203 gold pieces
  6770 | D:8      | Noticed Prince Ribbit
  7011 | D:7      | Found a sparkling altar of Nemelex Xobeh.
  7791 | D:5      | Reached skill level 9 in Axes
  7791 | D:5      | Reached XP level 9. HP: 60/75 MP: 8/8
  8399 | D:7      | Reached skill level 1 in Evocations
  9265 | D:8      | Noticed a troll
  9996 | D:8      | Killed Prince Ribbit
 10339 | D:8      | Reached skill level 10 in Axes
 10586 | D:8      | Reached XP level 10. HP: 26/86 MP: 9/9
 11001 | D:9      | Noticed Psyche
 11049 | D:9      | Noticed Grum
 11065 | D:9      | Killed Grum
 11248 | D:9      | Killed Psyche
 11460 | D:9      | Found Hacyh's Gadget Boutique.
 12187 | D:10     | Entered Level 10 of the Dungeon
 12322 | D:10     | Reached skill level 11 in Axes
 12515 | D:10     | Reached skill level 10 in Shields
 12528 | D:10     | Reached skill level 10 in Armour
 13503 | D:8      | Found a staircase to the Lair.
 13680 | D:8      | Noticed a two-headed ogre
 13813 | D:8      | Killed a two-headed ogre
 13813 | D:8      | Reached XP level 11. HP: 95/95 MP: 10/10
 14043 | Lair:1   | Entered Level 1 of the Lair of Beasts
 14061 | Lair:1   | Reached skill level 12 in Axes
 14572 | Lair:1   | Identified a scroll of acquirement
 15033 | Lair:2   | Noticed a four-headed hydra
 15138 | Lair:2   | Killed a five-headed hydra
 15500 | Lair:2   | Reached skill level 13 in Axes
 15794 | Lair:2   | Noticed a four-headed hydra
 15798 | Lair:2   | Reached skill level 1 in Polearms
 15844 | Lair:1   | Killed a four-headed hydra
 16376 | Lair:3   | Noticed a five-headed hydra
 16422 | Lair:3   | Killed a five-headed hydra
 16422 | Lair:3   | Reached XP level 12. HP: 90/105 MP: 12/12
 17441 | Lair:4   | Found a staircase to the Snake Pit.
 17626 | Lair:4   | Found a staircase to the Swamp.
 17778 | Lair:4   | Reached skill level 10 in Fighting
 17815 | Lair:4   | Reached skill level 14 in Axes
 18288 | Lair:5   | Noticed a six-headed hydra
 18309 | Lair:5   | Killed a six-headed hydra
 18465 | Lair:5   | Noticed a six-headed hydra
 18604 | Lair:5   | Noticed a seven-headed hydra
 18708 | Lair:5   | Killed a six-headed hydra
 18828 | Lair:5   | Noticed a seven-headed hydra
 18839 | Lair:5   | Killed a seven-headed hydra
 19010 | Lair:5   | Killed a seven-headed hydra
 19744 | Lair:6   | Entered Level 6 of the Lair of Beasts
 19744 | Lair:6   | Noticed a catoblepas
 19760 | Lair:6   | Killed a catoblepas
 19760 | Lair:6   | Reached XP level 13. HP: 95/114 MP: 13/13
 19988 | Lair:6   | Reached skill level 5 in Polearms
 20147 | Lair:6   | Found a staircase to the Slime Pits.
 20151 | Lair:6   | Got a flickering graven amulet
 21055 | Lair:6   | Noticed a dire elephant
 21080 | Lair:6   | Killed a dire elephant
 21153 | Lair:6   | Reached skill level 15 in Axes
 21857 | D:11     | Reached skill level 5 in Dodging
 22044 | D:11     | Noticed Ijustatesigmund's ghost (journeyman OpAs)
 22071 | D:11     | Killed Ijustatesigmund's ghost
 22484 | D:11     | Found a roughly hewn altar of Beogh.
 22932 | D:11     | Found a staircase to the Orcish Mines.
 23185 | Orc:1    | Entered Level 1 of the Orcish Mines
 23233 | Orc:1    | Noticed an ettin
 23370 | Orc:1    | Killed an ettin
 23598 | Orc:2    | Entered Level 2 of the Orcish Mines
 23623 | Orc:2    | Noticed an orc warlord
 23794 | D:11     | Killed an orc warlord
 23794 | D:11     | Reached XP level 14. HP: 84/124 MP: 14/14
 23949 | Orc:2    | Found a staircase to the Elven Halls.
 24302 | Orc:2    | Found Waxiadod's Antique Armour Shop.
 24410 | Orc:2    | Found Uqeubu's Book Boutique.
 24568 | Orc:2    | Found an ancient bone altar of Kikubaaqudgha.
 24569 | Orc:2    | Noticed Nergalle
 24690 | Orc:2    | Reached skill level 16 in Axes
 24716 | Orc:2    | Killed Nergalle
 24924 | Orc:2    | Found a radiant altar of Vehumet.
 24969 | Orc:2    | Found a roughly hewn altar of Beogh.
 24969 | Orc:2    | Found Geph's Distillery.
 24987 | Orc:2    | Found Huantup's Distillery.
 25399 | Orc:1    | Found a roughly hewn altar of Beogh.
 25414 | Orc:1    | Found Iseufem's Book Emporium.
 26214 | Swamp:1  | Entered Level 1 of the Swamp
 26636 | Swamp:1  | Reached skill level 15 in Shields
 26984 | Swamp:1  | Paralysed by a hornet for 1 turns
 26990 | Swamp:1  | Paralysed by a hornet for 1 turns
 27683 | Swamp:2  | Noticed a green very ugly thing
 27701 | Swamp:2  | Killed a green very ugly thing
 27862 | Swamp:2  | Got a warped ring mail
 29119 | Swamp:3  | Reached XP level 15. HP: 121/134 MP: 15/15
 29132 | Swamp:3  | Reached skill level 17 in Axes
 29220 | Swamp:3  | Identified the amulet of Docupeqe {RegenMP rF+ Dex+4} (You found it on level 6 of the Lair of Beasts)
 29662 | Swamp:3  | Noticed Mara
 29666 | Swamp:3  | Noticed equalderp2856's illusion
 29905 | Swamp:3  | Noticed equalderp2856's illusion
 30109 | Swamp:4  | Entered Level 4 of the Swamp
 31673 | Swamp:4  | Noticed a thorn hunter
 32134 | Swamp:3  | Killed a thorn hunter
 32388 | Swamp:4  | Got a decaying rune of Zot
 32843 | Swamp:4  | Reached skill level 15 in Armour
 33058 | Lair:1   | Identified the cursed +1 ring mail of Suxitosu {rCorr} (You found it on level 2 of the Swamp)
 34008 | Snake:1  | Entered Level 1 of the Snake Pit
 34186 | Snake:1  | Found Emneil's Armour Emporium.
 34721 | Snake:1  | Reached skill level 18 in Axes
 34721 | Snake:1  | Reached XP level 16. HP: 81/145 MP: 16/16
 34913 | Snake:2  | Found a runed gate.
 34913 | Snake:2  | Found a runed gate.
 34913 | Snake:2  | Found a runed gate.
 36821 | Snake:2  | Noticed manon's ghost (adept DsBe)
 38056 | Snake:3  | Noticed Saint Roka
 38583 | Snake:3  | Reached XP level 17. HP: 75/154 MP: 17/17
 39199 | Snake:3  | Reached skill level 15 in Fighting
 40012 | Snake:3  | Killed Saint Roka
 40069 | Snake:3  | Reached skill level 19 in Axes
 40504 | Snake:4  | Entered Level 4 of the Snake Pit
 40504 | Snake:4  | Found Otodwuri's Weapon Shop.
 40512 | Snake:4  | Noticed Bai Suzhen
 40523 | Snake:3  | HP: 6/156 [mana viper (14)]
 42238 | Snake:4  | Noticed Aizul
 43193 | D:12     | Noticed Sonja
 43276 | D:12     | Killed Sonja
 43704 | D:13     | Found a flagged portal.
 43738 | Bailey   | Entered a bailey
 43777 | Bailey   | Noticed ThereIsNoGod's ghost (novice TrFi)
 43790 | Bailey   | Killed ThereIsNoGod's ghost
 45964 | D:13     | Paralysed by a hornet for 2 turns
 46150 | D:14     | Noticed Louise
 46165 | D:14     | Killed Louise
 46365 | D:14     | Noticed Snorg
 46381 | D:14     | Killed Snorg
 46530 | D:14     | Found a gate to the Vaults.
 46547 | D:14     | Reached XP level 18. HP: 105/166 MP: 18/18
 46802 | Vaults:1 | Entered Level 1 of the Vaults
 48551 | Vaults:1 | Reached skill level 20 in Axes
 51373 | Vaults:2 | Noticed Asterion
 52036 | Vaults:2 | Found Lifyjedgh's Magic Scroll Emporium.
 52040 | Vaults:2 | Bought a scroll of identify for 38 gold pieces
 52445 | Vaults:2 | Demolished by Asterion

Skill      XL: |  1  2  3  4  5  6  7  8  9 10 11 12 13 14 15 16 17 18 |
---------------+-------------------------------------------------------+-----
Armour         | 4 5 6 7 9 10 11 12 13 14 15 16 17 | 17.1
Shields        | 4 5 6 8 10 11 13 14 15 16 18 19 | 19.2
Fighting       | 4 5 6 7 8 9 10 11 12 13 14 16 18 | 18.0
Axes           | 3 4 5 7 9 10 11 13 14 15 16 18 19 20 | 20.6
Dodging        | 1 2 3 4 5 6 8 9 |  9.4
Stealth        | 1 2 3 4 |  4.1
Evocations     | 1 2 |  2.6
Polearms       | 2 4 5 6 7 8 |  8.1

Action                   |  1- 3 |  4- 6 |  7- 9 | 10-12 | 13-15 | 16-18 || total
-------------------------+-------+-------+-------+-------+-------+-------++-------
Melee: War axe           |   103 |   142 |   446 |   708 |   741 |   329 ||  2469
       Headbutt          |    11 |    19 |    93 |   186 |   441 |   456 ||  1206
       Trident           |       |       |       |   101 |    62 |       ||   163
       Broad axe         |       |       |       |       |   791 |  1487 ||  2278
       Demon trident     |       |       |       |       |   150 |    33 ||   183
Evoke: Wand              |       |       |    14 |    26 |     8 |    12 ||    60
  Use: Scroll            |       |       |     4 |    26 |    14 |    19 ||    63
       Potion            |       |       |     2 |       |     3 |    14 ||    19
 Stab: Confused          |       |       |     4 |     3 |       |       ||     7
       Petrified         |       |       |       |     3 |     2 |       ||     5
       Distracted        |       |       |       |       |       |     1 ||     1
       Paralysed         |       |       |       |       |       |     3 ||     3
  Eat: Chunk             |       |     6 |    20 |    25 |    36 |    17 ||   104
       Royal jelly       |       |       |     3 |     1 |       |     1 ||     5
       Fruit             |       |       |     1 |     4 |    10 |     3 ||    18
       Meat ration       |       |       |       |       |     1 |       ||     1
       Bread ration      |       |       |       |       |       |     9 ||     9
Armor: Scale mail        |    64 |    63 |    22 |       |       |       ||   149
       Chain mail        |       |       |   157 |    34 |       |   283 ||   474
       Plate armour      |       |       |       |   356 |   712 |   572 ||  1640
       Swamp dragon scal |       |       |       |       |    31 |   186 ||   217
       Ring mail         |       |       |       |       |     3 |       ||     3
Dodge: Dodged            |    44 |    56 |   159 |   252 |   461 |   963 ||  1935
Block: Shield            |    72 |    61 |   323 |   658 |  1349 |   973 ||  3436
       Reflection        |       |       |     5 |     1 |    24 |    83 ||   113
